 Dungeon Crawl Stone Soup version 0.28-a0-309-gf6d37e6e1d (webtiles) character file.

Game seed: 1881493227347837644

4 Colgate the Charlatan (level 1, -2/9 HPs)
             Began as a Spriggan Artificer on Aug 30, 2021.
             Slain by a quokka (4 damage)
             ... on level 1 of the Dungeon.
             The game lasted 00:03:55 (482 turns).

Colgate the Charlatan (Spriggan Artificer)           Turns: 482, Time: 00:03:56

Health: -2/9       AC:  2    Str:  8    XL:     1   Next: 58%
Magic:  2/2        EV: 17    Int: 12    God:
Gold:   0          SH:  0    Dex: 15    Spells: 0/0 levels left

rFire   . . .      SeeInvis +   f - +0 quarterstaff
rCold   . . .      Faith    .   (shield currently unavailable)
rNeg    . . .      Spirit   .   b - +0 robe
rPois   .          Reflect  .   (helmet restricted)
rElec   .          Harm     .   (no cloak)
rCorr   .          Rampage  .   (gloves unavailable)
Will    .....                   (boots unavailable)
Stlth   ++........              (no amulet)
HPRegen 0.03/turn               (no ring)
MPRegen 0.08/turn               (no ring)

@: very quick
A: very small, no large weapons, unfitting armour, see invisible, speed 3
a: no special abilities


You were on level 1 of the Dungeon.
You visited 1 branch of the dungeon, and saw 1 of its levels.

Inventory:

Hand Weapons
 f - a +0 quarterstaff (weapon)
Missiles
 g - 19 sling bullets
Armour
 b - a +0 robe (worn)
Wands
 c - a wand of flame (15) (quivered)
 d - a wand of charming (15)
Scrolls
 i - 2 scrolls of fog {unknown}
 j - a scroll of magic mapping {unknown}
Potions
 a - a potion of flight {unknown}
 h - a potion of mutation {unknown}
 k - a potion of ambrosia {unknown}
Miscellaneous
 e - a piece from Xom's chessboard (15/15)


   Skills:
 - Level 0.7 Fighting
 - Level 3.2 Dodging
 - Level 1.5 Stealth
 + Level 4.5 Evocations


You couldn't memorise any spells.
You didn't know any spells.
Your spell library was empty.

Dungeon Overview and Level Annotations

Branches:
Dungeon (1/15)

Altars:


Innate Abilities, Weirdness & Mutations

You are very small and have problems with some larger weapons.
You are too small for most types of armour.
You have supernaturally acute eyesight. (SInv)
You cover ground extremely quickly. (Speed+++)


Message History

There are no items here.
The kobold shouts!
The goblin shouts!
The kobold throws a stone.
The stone closely misses you.
The stone barely misses the goblin.
You see here a fuming black potion.
The kobold throws a stone.
The stone closely misses you.
The kobold throws a stone.
The stone completely misses you.
The kobold throws a stone.
The stone closely misses you. The dart slug launches a dart at you.
The slug dart hits you.
* * * LOW HITPOINT WARNING * * *
The dart slug misses you.
You sock the dart slug!
The dart slug is almost dead.
You hit the dart slug.
The dart slug is almost dead.
The dart slug launches a dart at you. The slug dart misses you.
The slug dart hits the giant cockroach.
You hit the dart slug.
You kill the dart slug!
The giant cockroach misses you.
The giant cockroach completely misses you.
You see here a dart slug corpse.
A rat comes into view.
A goblin comes into view. It is wielding a +0 club.
The goblin shouts!
You completely miss the rat. The rat completely misses you.
You closely miss the rat. The rat misses you.
You hit the rat.
You kill the rat!
The giant cockroach bites you.
* * * LOW HITPOINT WARNING * * *
You see here a rat corpse.
Found a stone staircase leading down.
The giant cockroach waves its antennae.
k - a fuming black potion
There are no items here.
The quokka bites you.
You die...

......................#
#..###................#
.............J........#
#...##................#
.#....................#
......................#######
.....................##.....##
......B......##.r...##.......##
.........######.@####.........#
.........# ##..............#
.........# ######.........#
.........# #.........#
........#############........[#
.............................##
#####################.........#
#.........# #.........#


You could see an endoplasm (wandering) and a quokka.

Vanquished Creatures
  A dart slug (D:1)
  A bat (D:1)
  2 rats (D:1)
4 creatures vanquished.

Notes
Turn   | Place    | Note
-------+----------+-------------------------------------------
     0 | D:1      | Colgate the Spriggan Artificer began the quest for the Orb.
     0 | D:1      | Reached XP level 1. HP: 9/9 MP: 2/2
   482 | D:1      | Slain by a quokka

Illustrated notes

Levels and vault maps discovered:
D:1:      minmay_arrival_arboretum_large, layout_rooms

Action                   || total
-------------------------++-------
Melee: Unarmed           ||    24
       Quarterstaff      ||     7
Armor: Robe              ||     6
Dodge: Dodged            ||    59

Table legend: (Time is in decaauts)
 A = Elapsed time spent in this place.
 B = Non-inter-level travel time spent in this place.
 C = Inter-level travel time spent in this place.
 D = Time resting spent in this place.
 E = Time spent auto-exploring this place.
 F = Levels seen in this place.
 G = Mean time per level.
                   A        B        C        D        E       F      G
               +--------+--------+--------+--------+--------+-----+--------+
         Total |    355 |    355 |      0 |      0 |    131 |   1 |  355.0 |
       Dungeon |    355 |    355 |      0 |      0 |    131 |   1 |  355.0 |
               +--------+--------+--------+--------+--------+-----+--------+

Top non-repeatable levels by time:
     D:1: 355 daAuts
